AoeStats
← caimanelperro

Arena

505565763Analyzed
2v2 RM · 22d ago on Sep 10, 2026· 37m 28s· 4 players
Game mode
Random Map
Map size
Medium (4 player)
Population
200
Speed
Normal
Resources
Standard
Victory
Conquest
Starting age
Dark Age
Ending age
Imperial Age
RankedLock teamsTeams togetherTeam positionsShared explorationLock speedFull tech treeHidden civsTurbo modeCheats
Victory
Defeat
🇧🇷 Poles · Brazil
1050
+16
🇧🇷 Vikings · Brazil
1049
+16
🇺🇸 Byzantines · United States
1087
-18
🇨🇱 Japanese · Chile
1002
-14
Schamaycon
11:20 Feudal Age
16:02 Castle Age
15:00 Gold Mining
18:06 Wheelbarrow
19:13 Fletching
22:38 Scale Mail Armor
23:06 Double-Bit Axe
27:11 Chain Mail Armor
29:11 Horse Collar
34:24 Heavy Plow
35:31 Forging
Dudo51948609
10:05 Feudal Age
10:34 Double-Bit Axe
16:19 Castle Age
14:20 Horse Collar
14:38 Gold Mining
15:09 Stone Mining
17:19 Bow Saw
17:25 Bow Saw
24:11 Town Watch
25:59 Scale Mail Armor
29:50 Imperial Age
27:45 Chain Mail Armor
27:41 Forging
26:53 Man-at-Arms
27:19 Gambesons
27:36 Squires
27:21 Arson
28:12 Heavy Plow
27:47 Long Swordsman
29:40 Chieftains
30:43 Iron Casting
30:50 Conscription
29:58 Two-Handed Swordsman
31:18 Plate Mail Armor
32:25 Blast Furnace
30:57 Champion
32:45 Capped Ram
34:54 Chemistry
34:50 Siege Ram
ПАПА
7:53 Loom
10:02 Feudal Age
13:14 Horse Collar
16:37 Castle Age
15:32 Double-Bit Axe
19:36 Horse Collar
30:26 Scale Barding Armor
34:12 Imperial Age
32:03 Heavy Plow
33:29 Wheelbarrow
32:49 Gold Mining
33:45 Chain Barding Armor
34:46 Bow Saw
34:49 Arrowslits
34:59 Murder Holes
36:08 Crop Rotation
36:40 Two-Man Saw
36:17 Gold Shaft Mining
37:22 Forging
caimanelperro
4:15 Loom
12:27 Feudal Age
14:02 Double-Bit Axe
14:02 Horse Collar
18:39 Castle Age
19:32 Bow Saw
20:02 Heavy Plow
27:23 Imperial Age
26:57 Fletching
27:42 Bodkin Arrow
28:24 Bracer
29:51 Conscription
31:41 Parthian Tactics
33:27 Chemistry
32:48 Ballistics
32:59 Fortified Wall
32:45 Murder Holes
34:27 Wheelbarrow
33:37 Town Watch
Connection lost

Rejoining the realm…

Still unreachable

The connection could not be restored.

Session expired

The server has moved on; the page needs a fresh start.